 Dungeon Crawl Stone Soup version 0.29-a0-887-gcbe080d7e0 (webtiles) character file.

Game seed: 16871055655573934760

19 zeratav the Stinger (level 2, 0/17 HPs)
             Began as an Octopode Venom Mage on July 21, 2022.
             Slain by a rat (1 damage)
             ... on level 1 of the Dungeon.
             The game lasted 00:00:36 (437 turns).

zeratav the Stinger (Octopode Venom Mage)            Turns: 437, Time: 00:00:37

Health: 0/17       AC:  1    Str:  7    XL:     2   Next: 75%
Magic:  5/5        EV: 13    Int: 17    God:
Gold:   43         SH:  0    Dex: 12    Spells: 4/5 levels left

rFire   . . .      SeeInvis .   d - +0 spear (pain) {polearm}
rCold   . . .      Faith    .   (no shield)
rNeg    . . .      Spirit   .   (helmet restricted)
rPois   .          Reflect  .   (no amulet)
rElec   .          Harm     .   (no ring)
rCorr   .          Rampage  .   (no ring)
Will    .....                   (no ring)
Stlth   +++.......              (no ring)
HPRegen 0.05/turn               (no ring)
MPRegen 0.09/turn               (no ring)
                                (no ring)
                                (no ring)

@: no status effects
A: almost no armour, amphibious, 8 rings, camouflage 1, gelatinous body 1,
(nimble swimmer 1), tentacles
a: no special abilities


You were on level 1 of the Dungeon.
You visited 1 branch of the dungeon, and saw 1 of its levels.

You collected 43 gold pieces.


Innate Abilities, Weirdness & Mutations

You cannot wear most types of armour.
You are amphibious.
You can wear up to eight rings at the same time.
Your skin changes colour to match your surroundings (Stealth+).
Your rubbery body absorbs attacks. (AC +1, EV +1)
((You are camouflaged when in or above water. (Stealth+)))
You have tentacles for arms and can constrict up to eight enemies at once.


   Skills:
 - Level 2.0 Dodging
 + Level 3.7 Stealth
 - Level 2.0 Spellcasting
 - Level 1.0 Transmutations
 + Level 4.2 Poison Magic


You had 4 spell levels left.
You knew the following spells:

 Your Spells              Type           Power      Damage    Failure   Level
a - Sting                 Tmut/Pois      40%        1d5       7%          1

Your spell library contained the following spells:

 Spells                   Type           Power      Damage    Failure   Level
 Poisonous Vapours        Pois/Air       16%        N/A       12%         2
 Mephitic Cloud           Conj/Pois/Air  6%         N/A       32%         3
 Olgreb's Toxic Radiance  Pois           16%        N/A       32%         4

Inventory:

Hand Weapons
 d - a +0 spear of pain (weapon) {polearm}
   (You found it on level 1 of the Dungeon)
Scrolls
 b - a scroll of noise {unknown}
 c - a scroll of brand weapon {unknown}
Potions
 a - a potion of magic

Dungeon Overview and Level Annotations

Branches:
Dungeon (1/15) Zot: 5559

Altars:

######### #.......#
#.......# . #.......#
....##.g.....# #######
......r@[..†.# #......
....##.b.†...#####....##
. #.............)....
#.....).....#....##
.....>....#####....##
###)......# #........
######.## #.#....#.
#.####.##.....
#...†.....####


You could see a hobgoblin, a bat and a rat.


Message History

No target in view!
No target in view!
No target in view!
No target in view!
No target in view!
No target in view!
No target in view!
No target in view!
No target in view!
No target in view!
No target in view!
You see here a ball python corpse.
You see here a rat skeleton.
You see here a +0 buckler.
You see here a +0 buckler.
You see here a +0 rapier {short}.
A goblin comes into view. It is wielding a +0 club.
A goblin is nearby!
A goblin is nearby!
A giant cockroach comes into view.
Found a chain mail.
Found a stone staircase leading down.
A rat comes into view.
A kobold comes into view. It is wielding a +0 dagger.
You reach to attack!
The helpless goblin fails to defend itself.
You hit the goblin.
You kill the goblin!
You reach to attack!
You barely miss the rat. You closely miss the rat. You grab the rat.
You squeeze the rat.
You kill the rat!
A hobgoblin comes into view.
You hit the giant cockroach but do no damage.
You grab the giant cockroach. You tentacle-slap the giant cockroach.
You constrict the giant cockroach, but do no damage.
The giant cockroach bites you. x2
HP[-3]
You take 3 damage, and now have 14/17 hp.
You hit the giant cockroach but do no damage.
You squeeze the giant cockroach, but do no damage.
You constrict the giant cockroach, but do no damage.
The giant cockroach bites you.
HP[-1]
You take 1 damage, and now have 13/17 hp.
You hit the giant cockroach. You constrict the giant cockroach.
The giant cockroach closely misses you.
You hit the giant cockroach but do no damage.
You squeeze the giant cockroach.
You kill the giant cockroach!
HP[+1]
A rat comes into view.
You see here a +0 chain mail.
You reach to attack!
The helpless kobold fails to defend itself.
You hit the kobold but do no damage.
The hobgoblin shouts!
You closely miss the kobold. Your grab misses the kobold.
The kobold hits you with a +0 dagger.
HP[-3]
You take 3 damage, and now have 11/17 hp.
You hit the kobold. Your grab misses the kobold.
Your squeeze misses the kobold. The kobold hits you with a +0 dagger.
* * * LOW HITPOINT WARNING * * *
You are too injured to fight recklessly!
HP[-3]
You take 3 damage, and now have 8/17 hp.
You are too injured to fight recklessly!
You are too injured to fight recklessly!
You are too injured to fight recklessly!
You are too injured to fight recklessly!
You are too injured to fight recklessly!
You are too injured to fight recklessly!
You closely miss the kobold. Your grab misses the kobold.
Your squeeze misses the kobold.
A bat comes into view.
The kobold barely misses you.
The bat moves out of view.
You hit the kobold.
You kill the kobold!
The hobgoblin misses you. The rat bites you.
* * * LOW HITPOINT WARNING * * *
The hobgoblin hits you.
* * * LOW HITPOINT WARNING * * *
Things that are here:
a +0 dagger {short}; a kobold corpse; HP[-3]
You take 3 damage, and now have 5/17 hp.
You hit the hobgoblin but do no damage. Your grab misses the hobgoblin.
The hobgoblin hits you but does no damage.
The rat misses you.
You barely miss the hobgoblin. You grab the hobgoblin.
You squeeze the hobgoblin.
You constrict the hobgoblin, but do no damage.
The hobgoblin closely misses you. The rat bites you.
* * * LOW HITPOINT WARNING * * *
HP[-2]
You take 2 damage, and now have 3/17 hp.
You barely miss the rat. Your grab misses the rat. You constrict the hobgoblin.
The bat closely misses you. The rat bites you.
* * * LOW HITPOINT WARNING * * *
The hobgoblin misses you. The hobgoblin closely misses you. The rat bites you.
You die...

Skill      XL: |  1 |
---------------+----+-----
Stealth        | 3 |  3.7
Poison Magic   | 4 |  4.2
Dodging        | |  2.0
Spellcasting   | |  2.0
Transmutations | |  1.0

Action                   || total
-------------------------++-------
Melee: Rapier            ||     6
       Constrict         ||     8
       Tentacles         ||     8
       Spear             ||    28
       Punch             ||     1
 Cast: Sting             ||     3
 Stab: Sleeping          ||     4
Armor: Skin              ||     4
Dodge: Dodged            ||    17

Levels and vault maps discovered:
D:1:      dpeg_arrival_brainrot, layout_rooms

Notes
Turn   | Place    | Note
-------+----------+-------------------------------------------
     0 | D:1      | zeratav the Octopode Venom Mage began the quest for the
                  | Orb.
     0 | D:1      | Reached XP level 1. HP: 11/11 MP: 3/3
     0 | D:1      | magus.rc [v1.9.6]
    81 | D:1      | Reached skill level 3 in Stealth
   190 | D:1      | Reached skill level 4 in Poison Magic
   190 | D:1      | Reached XP level 2. HP: 17/17 MP: 5/5
   436 | D:1      | HP: 3/17 [rat (2)]
   437 | D:1      | HP: 1/17 [rat (2)]
   437 | D:1      | Slain by a rat

Vanquished Creatures
  3 bats (D:1)
  An endoplasm (D:1)
  A giant cockroach (D:1)
  A goblin (D:1)
  A hobgoblin (D:1)
  A jackal (D:1)
  4 kobolds (D:1)
  A ball python (D:1)
  A frilled lizard (D:1)
  3 rats (D:1)
17 creatures vanquished.

Table legend:
 A = Non-vault XP
 B = Vault XP
 C = Vault XP percentage of total XP
 D = Non-vault monster count
 E = Vault monster count
 F = Vault count percentage of total count
                 A         B        C        D         E       F
            +---------+---------+-------+---------+---------+-------
      Total |      26 |       2 |   7.1 |      16 |       1 |   5.9
            +---------+---------+-------+---------+---------+-------
        D:1 |      26 |       2 |   7.1 |      16 |       1 |   5.9
            +---------+---------+-------+---------+---------+-------

Illustrated notes

Table legend:
 A = Kills in this place as a percentage of kills in entire the game.
 B = Kills by you in this place as a percentage of kills by you in the entire game.
 C = Kills by friends in this place as a percentage of kills by friends in the entire game.
 D = Other kills in this place as a percentage of other kills in the entire game.
 E = Experience gained in this place as a percentage of experience gained in the entire game.
 F = Experience gained in this place divided by the number of levels of this place that you have seen.
                   A       B       C       D       E      F
               +-------+-------+-------+-------+-------+----------------------
         Total | 100.0 | 100.0 |   N/A |   N/A | 100.0 |  28.0
       Dungeon | 100.0 | 100.0 |   N/A |   N/A | 100.0 |  28.0
               +-------+-------+-------+-------+-------+----------------------

Table legend: (Time is in decaauts)
 A = Elapsed time spent in this place.
 B = Non-inter-level travel time spent in this place.
 C = Inter-level travel time spent in this place.
 D = Time resting spent in this place.
 E = Time spent auto-exploring this place.
 F = Levels seen in this place.
 G = Mean time per level.
                   A        B        C        D        E       F      G
               +--------+--------+--------+--------+--------+-----+--------+
         Total |    439 |    439 |      0 |      0 |    341 |   1 |  439.0 |
       Dungeon |    439 |    439 |      0 |      0 |    341 |   1 |  439.0 |
               +--------+--------+--------+--------+--------+-----+--------+

Top non-repeatable levels by time:
     D:1: 439 daAuts
